AoeStats
← Shell

Fortress

510009291Analyzed
4v4 RM · 2d ago on Sep 29, 2026· 52m 25s· 8 players
Game mode
Random Map
Map size
Huge
Population
200
Speed
Normal
Resources
Standard
Victory
Conquest
Starting age
Dark Age
Ending age
Imperial Age
RankedLock teamsTeams togetherTeam positionsShared explorationLock speedFull tech treeHidden civsTurbo modeCheats
Victory
Defeat
🇦🇷 Goths · Argentina
1400
+13
🇲🇽 Japanese · Mexico
1350
+15
1322
+16
🇺🇸 Portuguese · United States
1231
+20
🇦🇷 Lithuanians · Argentina
1380
-18
🇦🇷 Slavs · Argentina
1358
-17
🇦🇷 Vietnamese · Argentina
1297
-29
🇦🇷 Britons · Argentina
1281
-14
Shell
8:23 Feudal Age
11:54 Castle Age
9:45 Double-Bit Axe
9:41 Horse Collar
13:00 Wheelbarrow
14:48 Hand Cart
22:17 Imperial Age
19:45 Gold Mining
20:14 Stone Mining
27:37 Chemistry
26:33 Fletching
27:55 Bodkin Arrow
28:29 Bracer
29:32 Fortified Wall
30:07 Bombard Tower
30:00 Fortified Wall
30:03 Town Watch
30:47 Masonry
31:06 Siege Engineers
32:08 Ballistics
40:18 Arquebus
··gatoroñoso··
7:38 Feudal Age
8:18 Double-Bit Axe
8:15 Horse Collar
11:24 Castle Age
12:35 Bow Saw
12:26 Heavy Plow
15:55 Wheelbarrow
18:27 Hand Cart
19:16 Fletching
19:35 Stone Mining
19:36 Gold Mining
20:17 Bodkin Arrow
20:42 Padded Archer Armor
25:17 Imperial Age
22:50 Town Watch
22:50 Loom
24:16 Thumb Ring
26:35 Conscription
26:19 Bracer
27:21 Chemistry
27:53 Ballistics
27:07 Elite Elephant Archer
32:12 Leather Archer Armor
33:01 Medical Corps
35:00 Ring Archer Armor
43:35 Fortified Wall
50:40 Masonry
AZG021113
3:58 Loom
7:45 Feudal Age
11:33 Castle Age
10:17 Scale Mail Armor
12:55 Chain Mail Armor
20:11 Horse Collar
22:40 Double-Bit Axe
23:12 Loom
28:39 Forging
28:47 Bow Saw
29:34 Wheelbarrow
32:32 Heavy Plow
33:01 Gold Mining
34:16 Squires
34:02 Arson
35:25 Iron Casting
35:59 Town Watch
36:45 Pikeman
41:24 Imperial Age
39:41 Scale Barding Armor
41:30 Halberdier
43:11 Blast Furnace
42:42 Plate Mail Armor
42:43 Fortified Wall
43:51 Masonry
43:32 Capped Ram
46:57 Two-Man Saw
46:30 Conscription
45:38 Heavy Scorpion
52:18 Caravan
LVDB_Curandero
0:39 Loom
7:49 Feudal Age
11:46 Castle Age
10:16 Double-Bit Axe
10:53 Horse Collar
13:00 Loom
16:31 Fervor
18:08 Wheelbarrow
17:18 Town Watch
17:43 Town Watch
18:57 Bow Saw
20:03 Scale Mail Armor
20:59 Chain Mail Armor
22:06 Squires
22:22 Gold Mining
22:22 Stone Mining
22:33 Heavy Plow
27:22 Imperial Age
25:28 Forging
25:09 Fletching
25:56 Hand Cart
25:54 Anarchy
27:15 Iron Casting
26:21 Man-at-Arms
26:23 Pikeman
28:31 Conscription
28:05 Halberdier
28:05 Long Swordsman
28:55 Two-Handed Swordsman
30:20 Caravan
30:51 Coinage
30:32 Guilds
30:35 Treadmill Crane
31:56 Chemistry
30:24 Champion
32:50 Perfusion
33:15 Elite Huskarl
35:00 Blast Furnace
33:28 Capped Ram
36:34 Stone Shaft Mining
40:22 Padded Archer Armor
42:31 Crop Rotation
43:53 Two-Man Saw
45:01 Leather Archer Armor
48:23 Banking
48:12 Masonry
guido_ara
6:51 Feudal Age
10:42 Castle Age
8:57 Double-Bit Axe
9:26 Horse Collar
11:38 Loom
19:31 Scale Barding Armor
21:14 Forging
22:05 Bloodlines
26:53 Imperial Age
25:35 Wheelbarrow
25:26 Heavy Plow
26:59 Cavalier
28:01 Chain Barding Armor
28:05 Gold Mining
29:01 Hand Cart
31:45 Plate Barding Armor
32:05 Iron Casting
32:00 Paladin
34:22 Husbandry
45:26 Light Cavalry
46:20 Winged Hussar
Blito
4:22 Loom
8:54 Feudal Age
9:54 Horse Collar
10:00 Double-Bit Axe
10:07 Gold Mining
10:55 Fletching
11:06 Padded Archer Armor
12:55 Stone Mining
18:22 Castle Age
21:58 Imperial Age
19:58 Bodkin Arrow
20:53 Wheelbarrow
20:40 Town Watch
22:05 Crossbowman
23:08 Hand Cart
24:46 Heavy Plow
25:55 Town Patrol
26:11 Arbalester
27:32 Stone Shaft Mining
27:09 Bow Saw
27:43 Elite Skirmisher
29:57 Thumb Ring
30:49 Crop Rotation
31:01 Imperial Skirmisher
33:24 Chemistry
32:49 Ballistics
33:09 Bracer
33:24 Leather Archer Armor
36:47 Two-Man Saw
36:24 Ring Archer Armor
35:48 Treadmill Crane
36:09 Murder Holes
36:05 Arrowslits
36:17 Elite Rattan Archer
40:51 Masonry
morci
7:41 Feudal Age
9:05 Loom
11:53 Castle Age
11:49 Double-Bit Axe
11:57 Gold Mining
20:24 Ballistics
21:01 Fletching
24:01 Bodkin Arrow
Luis
5:32 Loom
7:33 Feudal Age
5:50 Loom
8:42 Double-Bit Axe
11:36 Castle Age
9:29 Town Watch
11:18 Wheelbarrow
11:05 Horse Collar
11:28 Gold Mining
13:09 Bow Saw
14:00 Heavy Plow
18:04 Hand Cart
18:44 Gold Mining
18:44 Stone Mining
18:44 Gold Mining
19:00 Stone Mining
20:52 Town Patrol
24:21 Gold Shaft Mining
27:02 Imperial Age
25:05 Detinets
25:28 Man-at-Arms
26:08 Squires
25:30 Pikeman
26:32 Long Swordsman
27:54 Scale Barding Armor
27:49 Scale Mail Armor
27:59 Forging
27:50 Scale Mail Armor
27:43 Fletching
27:21 Two-Handed Swordsman
28:16 Murder Holes
28:32 Fortified Wall
27:54 Halberdier
29:34 Chain Barding Armor
29:32 Chain Mail Armor
30:21 Two-Man Saw
30:00 Druzhina
30:20 Conscription
30:25 Ballistics
30:17 Masonry
29:57 Champion
34:20 Murder Holes
35:26 Chemistry
34:32 Siege Engineers
34:24 Bodkin Arrow
35:05 Plate Mail Armor
36:09 Iron Casting
39:00 Blast Furnace
37:56 Capped Ram
38:57 Caravan
39:47 Siege Ram
42:22 Light Cavalry
43:03 Husbandry
43:49 Plate Barding Armor
43:26 Bloodlines
44:16 Hussar
Connection lost

Rejoining the realm…

Still unreachable

The connection could not be restored.

Session expired

The server has moved on; the page needs a fresh start.